 Dungeon Crawl Stone Soup version 0.31-a0-524-g2a164cf6a2 (webtiles) character file.

Game seed: 2261703446061376954

515 AdnanSaban the Covered (level 7, -11/43 HPs)
             Began as a Gargoyle Fighter on Aug 12, 2023.
             Mangled by an ogre
             ... wielding a +0 giant club
              (15 damage)
             ... on level 4 of the Dungeon.
             The game lasted 00:03:29 (2949 turns).

AdnanSaban the Covered (Gargoyle Fighter)           Turns: 2949, Time: 00:03:30

Health: -11/43     AC: 15    Str: 22    XL:     7   Next: 20%
Magic:  7/7        EV:  7    Int:  8    God:
Gold:   92         SH:  8    Dex:  9    Spells: 6/6 levels left

rFire   . . .        a - +0 flail
rCold   . . .        f - +0 kite shield
rNeg    + . .        t - +0 chain mail
rPois   ∞            (no helmet)
rElec   +            r - +0 cloak
rCorr   .            (no gloves)
SInv    .            (no boots)
Will    .....        (no amulet) Stlth
                     o - +4 ring of slaying
HPRegen 0.27/turn    (no ring)
MPRegen 0.10/turn

%: no passive effects
@: no status effects
A: sickness immunity, AC +4, negative energy resistance 1, electricity
resistance, torment resistance 1, petrification resistance
a: no special abilities


You were on level 4 of the Dungeon.
You visited 1 branch of the dungeon, and saw 4 of its levels.

You collected 92 gold pieces.

Inventory:

Hand Weapons
 a - a +0 flail (weapon)
Missiles
 h - 4 boomerangs
 j - 2 throwing nets
 s - 9 poisoned darts
Armour
 f - a +0 kite shield (worn)
 r - a +0 cloak (worn)
 t - a +0 chain mail (worn)
Jewellery
 o - a +4 ring of slaying (left hand)
Wands
 v - a wand of polymorph (6)
Scrolls
 c - a scroll of enchant armour {unknown}
 e - 3 scrolls of identify {unknown}
 g - 2 scrolls of teleportation {unknown}
 k - a scroll of acquirement {unknown}
 l - 2 scrolls of revelation {unknown}
 n - a scroll of butterflies {unknown}
 p - a scroll of immolation {unknown}
Potions
 b - a potion of mutation {unknown}
 d - a potion of might
 i - a potion of haste {unknown}
 m - a potion of cancellation {unknown}
 q - a potion of attraction {unknown}
 u - 3 potions of curing {unknown}


   Skills:
 + Level 4.2 Fighting
 + Level 4.8 Maces & Flails
 + Level 5.0 Armour
 + Level 1.5 Dodging
 + Level 1.1 Stealth
 + Level 4.7 Shields


You had 6 spell levels left.
You didn't know any spells.
Your spell library was empty.

Dungeon Overview and Level Annotations

Branches:
Dungeon (4/15)
 Temple: D:4-7

Altars:

Shops:
D:1 !


Innate Abilities, Weirdness & Mutations

You are immune to sickness and miasma.
Your stone body is resilient. (AC +4)
You are immune to poison.
You resist negative energy. (rN+)
You are resistant to electric shocks. (rElec)
You are resistant to unholy torment.
You are immune to petrification.


Message History

You kill the adder!
The orc hits you but does no damage. x2
You barely miss the orc. The orc hits you with a +0 flail.
You block the orc's attack. The orc hits you but does no damage. x2
You barely miss the orc. The orc completely misses you.
The orc barely misses you.
A dart slug comes into view.
You sock the orc!
You kill the orc!
You block the orc's attack.
You completely miss the orc. The orc hits you but does no damage.
The orc barely misses you.
You sock the orc!
You kill the orc!
The dart slug launches a dart at you. The slug dart hits you.
Your Armour skill increases to level 5!
You see here an adder corpse.
An ogre comes into view. It is wielding a +0 giant club.
The dart slug launches a dart at you. You block the slug dart.
The ogre shouts!
The dart slug bites you.
You thump the dart slug!
You kill the dart slug!
The ogre hits you with a +0 giant club!
You are too injured to fight recklessly!
You are too injured to fight recklessly!
You are too injured to fight recklessly!
You are too injured to fight recklessly!
You are too injured to fight recklessly!
You are too injured to fight recklessly!
You are too injured to fight recklessly!
An ogre is nearby!
You barely miss the ogre. The ogre hits you with a +0 giant club!
* * * LOW HITPOINT WARNING * * *
You thump the ogre!
The ogre is heavily wounded.
The ogre hits you with a +0 giant club!
You die...

.###. .## ....
..... ... .....
....# ..##.....
....###..#.....
#....#........
##.#............
#...........#
#..O@....# #
#........### .[
#..........##....
##...)†###.......
##...).###.......
#.........#.....
##...#.#..#.....
.. #####.#....#
.>. ###....# ..#


You could see an ogre.

Vanquished Creatures
  Sigmund (D:2)
  A jelly (D:3)
  Natasha (thrice) (D:2)
  2 orc wizards (D:3)
  4 gnolls (D:3)
  7 adders
  A worm (D:2)
  2 dart slugs
  10 orcs
  10 endoplasms
  3 giant cockroaches
  3 goblins
  5 hobgoblins
  2 jackals (D:2)
  3 quokkas (D:1)
  8 ball pythons
  6 bats
  7 frilled lizards
  2 kobolds (D:1)
  5 rats
85 creatures vanquished.

Notes
Turn   | Place    | Note
-------+----------+-------------------------------------------
     0 | D:1      | AdnanSaban the Gargoyle Fighter began the quest for the
                  | Orb.
     0 | D:1      | Reached XP level 1. HP: 14/14 MP: 1/1
   197 | D:1      | Found Istreagapiu's Distillery.
   269 | D:1      | Reached XP level 2. HP: 19/19 MP: 2/2
   542 | D:1      | Reached XP level 3. HP: 23/23 MP: 3/3
  1034 | D:2      | Noticed Sigmund
  1245 | D:2      | Reached XP level 4. HP: 29/29 MP: 4/4
  1328 | D:2      | Noticed Natasha
  1338 | D:2      | Killed Natasha
  1383 | D:2      | Reached skill level 4 in Armour
  1632 | D:2      | Reached XP level 5. HP: 33/33 MP: 5/5
  1795 | D:2      | Noticed Natasha
  1803 | D:2      | Killed Natasha
  1865 | D:2      | Noticed Natasha
  1872 | D:2      | Killed Natasha
  1873 | D:2      | Reached skill level 1 in Dodging
  1937 | D:2      | Killed Sigmund
  1938 | D:2      | Reached XP level 6. HP: 24/38 MP: 6/6
  2028 | D:3      | Reached skill level 1 in Stealth
  2117 | D:3      | Reached XP level 7. HP: 23/43 MP: 7/7
  2941 | D:4      | Reached skill level 5 in Armour
  2949 | D:4      | Mangled by an ogre

Illustrated notes

Levels and vault maps discovered:
D:1:      dpeg_arrival_rooms_a, layout_basic, serial_shops, shop_fountains
D:2:      layout_basic, serial_forest, infiniplex_forest_lined_room_3,
          infiniplex_forest_clump_long, infiniplex_forest_lined_3_way,
          infiniplex_forest_lined_2, infiniplex_forest_end_1,
          infiniplex_forest_corner_2, infiniplex_forest_zigzag_2,
          infiniplex_forest_3_way, infiniplex_forest_clump_cross,
          infiniplex_forest_clump_tiny, minivault_27, uniq_natasha, uniq_sigmund
D:3:      layout_basic, kennysheep_nondescript
D:4:      layout_cave_pools, tso_altar, enter_ossuary_1, portal_sewer_entry_f

Skill      XL: |  1  2  3  4  5  6  7 |
---------------+----------------------+-----
Maces & Flails | 3 4 |  4.8
Shields        | 4 |  4.7
Armour         | 4 5 |  5.0
Dodging        | 1 |  1.5
Fighting       | 4 |  4.2
Stealth        | 1 |  1.1

Action                     |  1- 3 |  4- 6 |  7- 9 || total
---------------------------+-------+-------+-------++-------
  Melee: Flail             |   139 |   108 |    51 ||   298
 Armour: Scale mail        |    81 |    68 |    10 ||   159
         Chain mail        |       |       |    24 ||    24
  Dodge: Dodged            |    65 |    44 |    30 ||   139
  Block: Buckler           |     6 |       |       ||     6
         Kite shield       |    74 |    42 |    32 ||   148

Table legend: (Time is in decaauts)
 A = Elapsed time spent in this place.
 B = Non-inter-level travel time spent in this place.
 C = Inter-level travel time spent in this place.
 D = Time resting spent in this place.
 E = Time spent auto-exploring this place.
 F = Levels seen in this place.
 G = Mean time per level.
                   A        B        C        D        E       F      G
               +--------+--------+--------+--------+--------+-----+--------+
         Total |   3063 |   2867 |    196 |    109 |   1941 |   4 |  765.8 |
       Dungeon |   3063 |   2867 |    196 |    109 |   1941 |   4 |  765.8 |
               +--------+--------+--------+--------+--------+-----+--------+

Top non-repeatable levels by time:
     D:2: 1147 daAuts
     D:1: 934 daAuts
     D:3: 930 daAuts
     D:4: 51 daAuts
